 Dungeon Crawl Stone Soup version 0.30-a0-1093-gcfb1e0cf12 (webtiles) character file.

Game seed: 4136374693742294130

652806 Monerk the Invulnerable (level 27, -16/327 HPs)
             Began as a Minotaur Fighter on Apr 17, 2023.
             Was the Champion of Okawaru.
             Demolished by a storm dragon (22 damage)
             ... while paralysed
             ... on level 5 of the Realm of Zot.
             The game lasted 02:36:13 (61465 turns).

Monerk the Invulnerable (Minotaur Fighter)         Turns: 61465, Time: 02:36:14

Health: -16/327    AC:  0    Str: 29 (31) XL:     27
Magic:  38/38      EV:  5    Int: -1 (2)  God:    Okawaru [******]
Gold:   8332       SH:  0    Dex: 21 (22) Spells: 51/51 levels left

rFire   . . .      SeeInvis .    H - melded +7 broad axe (spect)
rCold   . . .      Faith    .    B - melded +5 kite shield {reflect}
rNeg    + . .      Spirit   .    m - melded +8 chain mail {rF+}
rPois   .          Reflect  .    S - melded -2 hat of the Alchemist {rElec rPois rF+ rC+ rN+ Will+ rMut rCorr}
rElec   .          Rampage  .    Q - melded +2 cloak of Ragocs {rPois Str+3 Int+3 SInv}
rCorr   .          Clarity  +    T - melded +2 pair of gloves {Str+3}
Will    +++++      Rnd*Tele +    u - melded +2 pair of slick slippers {slick, slippery, EV+4}
Stlth   ++                       c - amulet of the Four Winds {rN+ Will+++ Clar}
HPRegen 0.74/turn                I - melded ring of the Mutiny {Fly rElec rN+ Str+2 Slay+3}
MPRegen 0.26/turn                M - melded +4 ring of protection

@: paralysed, about to teleport, bat-form, flying, slowed, lost intelligence,
studying 2 skills, unable to read, very quick
A: fast, flying, no casting, tiny, (horns 2), (retaliatory headbutt), agile 1,
dopey 1, robust 2, teleportitis 1, subdued magic 1, inability to drink after
injury 1
}: 4/15 runes: decaying, serpentine, slimy, silver
a: Renounce Religion, Heroism, Finesse, Duel


You were on level 5 of the Realm of Zot.
You worshipped Okawaru.
Okawaru was exalted by your worship.
You were a bat.
You visited 12 branches of the dungeon, and saw 56 of its levels.
You also visited: Sewer, Gauntlet, Ice Cave and Desolation.

You collected 9687 gold pieces.
You spent 1355 gold pieces at shops.

Inventory:

Hand Weapons
 e - a +2 broad axe of electrocution
 o - a +7 spectral broad axe
 q - a +7 spectral broad axe
 y - a +7 spectral broad axe
 G - a +7 spectral broad axe
 H - a +7 spectral broad axe (melded)
 K - a +7 spectral broad axe
 P - a +7 spectral broad axe
 U - a +7 spectral broad axe
 V - a +7 spectral broad axe
 X - a +7 spectral broad axe
 Z - a +7 spectral broad axe
Armour
 m - a +8 chain mail of fire resistance (melded)
 t - the +8 tower shield of the Last Villages {rC+++ Regen+ MP+9 Int-3}
   (You acquired it on level 1 of the Elven Halls)

   Int:       It affects your intelligence (-3).
   rC:        It renders you almost immune to cold.
   MP:        It affects your magic capacity (+9).
   Regen:     It increases your rate of health regeneration.
 u - the +2 pair of slick slippers (melded) {slick, slippery, EV+4}
   (Okawaru gifted it to you on level 13 of the Dungeon)

   Slick:     Its wearer cannot be constricted, engulfed, netted or webbed.
   Slippery:  Its wearer slips away from damaging melee attacks, pulling the
   attacker onward.
   EV:        It affects your evasion (+4).
 B - a +5 kite shield of reflection (melded)
 Q - the +2 cloak of Ragocs (melded) {rPois Str+3 Int+3 SInv}
   (You bought it in a shop on level 1 of the Orcish Mines)

   Str:       It affects your strength (+3).
   Int:       It affects your intelligence (+3).
   rPois:     It protects you from poison.
   SInv:      It lets you see invisible.
 S - the -2 hat of the Alchemist (melded) {rElec rPois rF+ rC+ rN+ Will+ rMut rCorr}
   (You found it on level 2 of the Crypt)

   rF:        It protects you from fire.
   rC:        It protects you from cold.
   rElec:     It insulates you from electricity.
   rPois:     It protects you from poison.
   rN:        It protects you from negative energy.
   rCorr:     It protects you from acid and corrosion.
   rMut:      It protects you from mutation.
   Will:      It increases your willpower.
 T - a +2 pair of gloves of strength (melded)
Jewellery
 c - the amulet of the Four Winds (around neck) {rN+ Will+++ Clar}
   (You found it on level 5 of the Vaults)

   [amulet of nothing]

   rN:        It protects you from negative energy.
   Clar:      It protects you against confusion.
   Will:      It greatly increases your willpower.
 i - a ring of protection from fire
 p - an amulet of regeneration
 x - the ring of Faechepri {+Blink Will+ Int+5}
   (You found it on level 4 of the Swamp)

   [ring of willpower]

   Int:       It affects your intelligence (+5).
   +Blink:    It lets you blink.
   Will:      It increases your willpower.
 I - the ring of the Mutiny (melded) {Fly rElec rN+ Str+2 Slay+3}
   (You found it on level 2 of the Crypt)

   [ring of flight]

   Str:       It affects your strength (+2).
   Slay:      It affects your accuracy & damage with ranged weapons and melee
   (+3).
   rElec:     It insulates you from electricity.
   rN:        It protects you from negative energy.
   Fly:       It grants you flight.
 M - a +4 ring of protection (melded)
 N - the ring of Xoera {rPois Will+++ Str-2 Int-2 SInv}
   (You found it in a Gauntlet)

   [ring of see invisible]

   Str:       It affects your strength (-2).
   Int:       It affects your intelligence (-2).
   rPois:     It protects you from poison.
   SInv:      It lets you see invisible.
   Will:      It greatly increases your willpower.
Wands
 h - a wand of flame (239)
 s - a wand of acid (85)
 D - a wand of iceblast (40)
 F - a wand of digging (28)
Scrolls
 a - 3 scrolls of fog
 f - 4 scrolls of silence
 l - 14 scrolls of blinking
 n - 24 scrolls of teleportation
 A - 12 scrolls of fear
 C - 13 scrolls of immolation
 W - 6 scrolls of magic mapping
 Y - 3 scrolls of enchant armour
Potions
 b - 3 potions of ambrosia
 d - 7 potions of cancellation
 g - 3 potions of resistance
 j - 10 potions of flight
 k - 25 potions of curing
 r - 2 potions of berserk rage
 v - 5 potions of magic
 w - 11 potions of haste
 z - 15 potions of heal wounds
 E - 9 potions of attraction
 J - a potion of might
 O - 11 potions of mutation
 R - 6 potions of invisibility
Miscellaneous
 L - a phial of floods


   Skills:
 O Level 27 Fighting
 O Level 27 Axes
 O Level 27 Armour
 O Level 27 Dodging
 O Level 27 Shields
 + Level 12.5 Spellcasting
 - Level 8.0 Invocations


You had 51 spell levels left.
You didn't know any spells.
Your spell library contained the following spells:

 Spells                   Type           Power      Damage    Failure   Level
 Apportation              Tloc           0%         N/A       19%         1
 Freeze                   Ice            0%         1d3       19%         1
 Kiss of Death            Conj/Necr      0%         2d5       19%         1
 Magic Dart               Conj           0%         1d3       19%         1
 Necrotise                Necr           0%         1d4       19%         1
 Sandblast                Erth           0%         2d4       19%         1
 Sting                    Tmut/Pois      0%         1d3       19%         1
 Cigotuvi's Dreadful Rot  Necr/Pois/Air  0%         N/A       28%         2
 Ensorcelled Hibernation  Hex/Ice        0%         N/A       28%         2
 Lesser Beckoning         Tloc           0%         N/A       28%         2
 Passwall                 Tmut/Erth      0%         N/A       28%         2
 Poisonous Vapours        Pois/Air       0%         N/A       28%         2
 Scorch                   Fire           0%         2d5       28%         2
 Searing Ray              Conj           0%         2d4       28%         2
 Sublimation of Blood     Necr           0%         N/A       28%         2
 Wereblood                Tmut           0%         N/A       28%         2
 Confusing Touch          Hex            0%         N/A       50%         3
 Dazzling Flash           Conj/Hex       0%         N/A       50%         3
 Frozen Ramparts          Ice            0%         1d1       50%         3
 Gell's Gravitas          Tloc           0%         N/A       50%         3
 Hailstorm                Conj/Ice       0%         3d3       50%         3
 Ignite Poison            Fire/Tmut/Pois 0%         N/A       50%         3
 Inner Flame              Hex/Fire       0%         N/A       50%         3
 Mephitic Cloud           Conj/Pois/Air  0%         N/A       50%         3
 Ozocubu's Armour         Ice            0%         N/A       50%         3
 Spider Form              Tmut/Pois      0%         N/A       50%         3
 Stone Arrow              Conj/Erth      0%         3d7       50%         3
 Swiftness                Air            0%         N/A       50%         3
 Teleport Other           Tloc           0%         N/A       50%         3
 Vhi's Electric Charge    Tloc/Air       0%         N/A       50%         3
 Volatile Blastmotes      Fire/Tloc      0%         2d10      50%         3
 Anguish                  Hex/Necr       0%         N/A       89%         4
 Cause Fear               Hex            0%         N/A       89%         4
 Dispel Undead            Necr           0%         3d6       89%         4
 Flame Wave               Conj/Fire      0%         2d4       89%         4
 Fulminant Prism          Conj/Hex       0%         3d5       89%         4
 Ice Form                 Ice/Tmut       0%         N/A       89%         4
 Iskenderun's Mystic Bla  Conj/Tloc      0%         2d3       89%         4
 Leda's Liquefaction      Hex/Erth       0%         N/A       89%         4
 Olgreb's Toxic Radiance  Pois           0%         N/A       89%         4
 Passage of Golubria      Tloc           0%         N/A       89%         4
 Petrify                  Tmut/Erth      0%         N/A       89%         4
 Sticky Flame             Conj/Fire      0%         2d3       89%         4
 Agony                    Necr           0%         N/A       99%         5
 Alistair's Intoxication  Tmut/Pois      0%         N/A       99%         5
 Borgnjor's Vile Clutch   Necr/Erth      0%         N/A       99%         5
 Fireball                 Conj/Fire      0%         3d3       99%         5
 Iskenderun's Battlesphe  Conj           0%         2d6       99%         5
 Lee's Rapid Deconstruct  Erth           0%         3d4*      99%         5
 Metabolic Englaciation   Hex/Ice        0%         N/A       99%         5
 Silence                  Hex/Air        0%         N/A       99%         5
 Yara's Violent Unravell  Hex/Tmut       0%         3d3       99%         5
 Conjure Ball Lightning   Conj/Air       0%         3x3d6     100%        6
 Eringya's Noxious Bog    Tmut/Pois      0%         N/A       100%        6
 Plasma Beam              Fire/Air       0%         2x1d11    100%        6
 Starburst                Conj/Fire      0%         6d3       100%        6
 Statue Form              Tmut/Erth      0%         N/A       100%        6
 Enfeeble                 Hex            0%         N/A       100%        7
 Orb of Destruction       Conj           0%         9d5       100%        7
 Storm Form               Tmut/Air       0%         N/A       100%        7
 Discord                  Hex            0%         N/A       100%        8
 Disjunction              Tloc           0%         N/A       100%        8
 Ignition                 Fire           0%         3d3       100%        8
 Lehudib's Crystal Spear  Conj/Erth      0%         10d2      100%        8
 Summon Small Mammal      Summ           Unusable   N/A       N/A         1
 Call Imp                 Summ           Unusable   N/A       N/A         2
 Summon Guardian Golem    Hex/Summ       Unusable   N/A       N/A         3
 Tukima's Dance           Hex            Unusable   N/A       N/A         3
 Summon Ice Beast         Ice/Summ       Unusable   N/A       N/A         4
 Summon Cactus Giant      Summ           Unusable   N/A       N/A         6
 Haunt                    Necr/Summ      Unusable   N/A       N/A         7
 Spellforged Servitor     Conj/Summ      Unusable   N/A       N/A         7
 Summon Hydra             Summ           Unusable   N/A       N/A         7
 Dragon's Call            Summ           Unusable   N/A       N/A         9

Dungeon Overview and Level Annotations

Branches:
Dungeon (15/15)            Temple (1/1) D:7            Lair (5/5) D:9
  Swamp (4/4) Lair:2        Snake (4/4) Lair:2        Slime (5/5) Lair:4
    Orc (2/2) D:9             Elf (3/3) Orc:2        Vaults (5/5) D:13
  Crypt (3/3) Vaults:3       Tomb (0/3) Crypt:3      Depths (4/4) D:15
    Zot (5/5) Depths:4      Sewer (visited)           IceCv (visited)
Desolation (visited)      Gauntlet (visited)

Altars:
Ashenzari
Cheibriados
Dithmenos
Elyvilon
Fedhas
Gozag
Hepliaklqana
Kikubaaqudgha
Makhleb
Nemelex Xobeh
Okawaru
Qazlal
Ru
Sif Muna
Trog
Uskayaw
Vehumet
Wu Jian
Xom
Yredelemnul
Zin
The Shining One
Jiyva

Shops:
D:2 =   Orc:1 [   Orc:2 ?(*[   Elf:3 =   Vaults:1 =

Portals:
Hell: Depths:1 Depths:2 Depths:3 Depths:4
Abyss: Elf:1 Depths:1 Depths:3
Pandemonium: Depths:2
Ziggurat: Depths:2

Annotations:
D:10 3 runed translucent doors
Temple AXES! SO MANY AXES!!!!1
Swamp:2 2 transporters, Masme's ghost, adept MiBe
Swamp:3 2 transporters, Kiciri's ghost, adept DsGl
Elf:2 3 runed translucent doors


Innate Abilities, Weirdness & Mutations

You are a bat.
You are tiny and dextrous.
You move quickly.
You are flying.
Your equipment is almost entirely melded.
You are incapable of wielding weapons or throwing items.
You cannot cast spells.
((You have a pair of horns on your head.))
((You reflexively headbutt those who attack you in melee.))
You are agile. (Dex +4, Str/Int -1)
You are dopey. (Int -2)
You are very robust. (+20% HP)
You are occasionally teleported next to monsters.
Your spells are a little easier to cast, but a little less powerful.
You occasionally lose the ability to drink potions when taking damage.


Message History

Unknown command.
You hit the Killer Klown.
The Killer Klown is heavily wounded.
The death drake completely misses you.
The rime drake disappears! x2
Unknown command.
Unknown command.
As you read the scroll of teleportation, it crumbles to dust.
You feel strangely unstable.
You feel the Orb delaying your translocation!
The storm dragon misses you. The storm dragon barely misses you.
The storm dragon tramples you!
You are shoved backwards!
The Killer Klown pies you viciously! The klown pie hits you!
Raspberry!
You feel weakened.
You feel dopey.
You have lost your intelligence.
You feel clumsy. The death drake bites you. The storm dragon bites you!!
The storm dragon claws you. The storm dragon barely misses you.
The white draconian stormcaller mumbles some strange prayers to Qazlal against you.
Qazlal smites you!
The Killer Klown blinks!
The storm dragon bites you!!
* * * LOW HITPOINT WARNING * * *
The storm dragon claws you!
* * * LOW HITPOINT WARNING * * *
The storm dragon tramples you!!
* * * LOW HITPOINT WARNING * * *
You are shoved backwards!
The death drake bites you.
* * * LOW HITPOINT WARNING * * *
The death drake barely misses you. The Killer Klown beckons to you.
The death drake bites you!
* * * LOW HITPOINT WARNING * * *
The white draconian stormcaller hits you with a +2 heavy long sword!!
* * * LOW HITPOINT WARNING * * *
The orb of fire emits a lurid red light.
Strange energies course through your body.
Your connection to magic feels subdued.
The death drake bites you!
* * * LOW HITPOINT WARNING * * *
The rime drake disappears!
The storm dragon bites you!!
You die...

,,,,,,,,,...^....## ##.
,,,,,,,,,.........# ▓▓▓▓▓▓▓▓▓ #..
,,,,,,,,,.........▓▓▓.......▓▓▓..
,,,,,,,^^.........▓▓.......^.▓▓..
,,,,,,,,,.....^...▓)........).▓..
,,,,,,,,,.^....†p.).....0........
,,,,,,,,,...^...).▓)..........▓.)
,,,^^,,,,k.....k*D▓▓.........▓▓..
,,,,,,,,,.....§qb.▓▓▓......^▓▓▓..
,,,,,,,,,.........▓ ▓▓▓▓▓▓▓▓▓ ▓..
,,,,,^,,,........▓▓ ▓▓.
,,,,,,,,,....^.▓▓▓ ▓▓
,,,,,,,,,^..▓▓▓* *********▓▓▓*


You could see an orb of fire, a Killer Klown, a storm dragon (berserk), a white
draconian stormcaller, a death drake (summoned) and a rime drake (summoned).

Vanquished Creatures
  the Royal Jelly (Slime:5)
  8 dread liches
  4 ancient liches
  An orb of fire (Zot:5)
  Mara (Snake:4)
  A juggernaut (Depths:2)
  Josephina (Zot:1)
  Saint Roka (Depths:2)
  Vashnia (Snake:3)
  7 golden dragons
  Jory (Crypt:3)
  A bone dragon (Depths:4)
  3 electric golems (Zot:5)
  Mlioglotl (Swamp:2)
  17 tentacled monstrosities
  Zenata (Crypt:3)
  Rupert (D:13)
  5 liches
  22 Orb Guardians (Zot:5)
  A walking crystal tome (Depths:3)
  A walking earthen tome (Depths:3)
  5 titans (Vaults:5)
  A walking frostbound tome (Depths:3)
  5 deep elf blademasters
  2 deep elf master archers (Elf:3)
  4 death cobs
  16 acid blobs
  The ghost of Plog the Impaler, an adept MfGl of Nemelex Xobeh (Elf:1)
  6 quicksilver dragons
  Gastronok (D:8)
  7 sphinxes
  4 ancient champions
  2 tentacled starspawn (Elf:1)
  The ghost of Rabou the Impregnable, an adept MiBe of Trog (Swamp:4)
  6 tengu reavers
  Agnes (Elf:2)
  Donald (Swamp:1)
  Kirke (Swamp:1)
  14 storm dragons
  13 shadow dragons
  A fenstrider witch (Swamp:2)
  3 revenants
  10 fire giants
  14 azure jellies
  7 draconian monks
  3 nagarajas (Snake:4)
  13 rockslimes
  3 draconian knights
  3 iron dragons
  2 imperial myrmidons (Desolation)
  7 frost giants
  8 deep elf sorcerers
  A ghost moth (Zot:2)
  14 draconian scorchers
  Aizul (Vaults:4)
  Louise (Depths:1)
  2 deep elf elementalists (Elf:3)
  7 draconian shifters
  2 ghouls (Crypt:3)
  2 orc warlords
  17 vault wardens
  4 curse skulls
  9 draconian stormcallers
  A juggernaut zombie (Depths:1)
  A caustic shrike skeleton (Crypt:1)
  6 draconian annihilators
  8 quicksilver oozes
  18 ironbound preservers
  2 war gargoyles
  15 stone giants
  19 very ugly things
  4 deep elf demonologists (Elf:3)
  17 black draconians
  8 ironbound thunderhulks
  4 eleionomae
  20 vampire knights
  12 green draconians
  7 dire elephants
  8 yellow draconians
  14 deep elf annihilators
  14 red draconians
  A bunyip (shapeshifter) (Vaults:5)
  10 white draconians
  A halazid warlock (Desolation)
  5 eidola
  4 spark wasps (Depths:1)
  A spark wasp (shapeshifter) (Vaults:5)
  A minotaur (Gauntlet)
  Snorg (Lair:4)
  12 purple draconians
  17 yaktaur captains
  6 ettins
  12 deep elf death magi
  2 crystal guardians
  9 fire dragons
  16 ragged hierophants (Desolation)
  9 jiangshi
  10 deep elf high priests
  2 rakshasas (Depths:3)
  A quicksilver dragon zombie (Crypt:3)
  8 great orbs of eyes
  31 vault guards
  3 salamander tyrants
  A caustic shrike simulacrum (Crypt:3)
  8 ice dragons
  A quicksilver dragon skeleton (D:15)
  Fannar (D:12)
  18 hydras
  3 spriggan zombies
  3 spriggan air magi
  12 servants of whispers (Desolation)
  3 ogre magi
  2 ghost crabs (Swamp:3)
  2 catoblepae
  2 spriggan skeletons
  7 ironbound frosthearts
  10 peacekeepers
  6 boulder beetles
  12 centaur warriors
  7 two-headed ogres
  12 anacondas
  7 alligators
  20 dancing weapons
  20 naga warriors
  5 tengu warriors
  3 deep troll shamans
  3 death yaks (Lair:5)
  A thrashing horror (Elf:1)
  22 naga sharpshooters
  Urug (D:13)
  11 deep troll earth magi
  11 vampire magi
  6 shock serpents
  6 spriggan berserkers
  A storm dragon zombie (Crypt:2)
  18 hell knights
  20 deep elf knights
  An orc high priest (Elf:3)
  Amaemon (Lair:2)
  16 soul eaters
  2 titan skeletons
  A sun demon (Depths:2)
  6 iron trolls
  3 golden dragon zombies
  46 skeletal warriors
  2 fire crabs (Swamp:4)
  3 goliath frogs
  A quicksilver dragon simulacrum (Crypt:1)
  10 salamander mystics
  2 bunyip zombies (Crypt:3)
  An iron giant zombie (Crypt:3)
  2 glowing orange brains
  7 spriggan druids
  3 naga ritualists
  25 deep elf archers
  A flayed ghost (D:15)
  12 wizards
  7 bog bodies
  64 deep trolls
  A spriggan simulacrum (Crypt:3)
  11 swamp dragons
  2 lindwurms
  A tengu zombie (Depths:1)
  A harpy (shapeshifter) (D:11)
  17 ironbound convokers
  Pikel (D:9)
  10 harpies (Vaults:2)
  13 necromancers
  2 sphinx skeletons
  A wolf spider zombie (Crypt:2)
  6 orc sorcerers
  2 golden dragon skeletons
  32 deep elf zephyrmancers
  An iron dragon zombie (Depths:1)
  29 deep elf pyromancers
  8 orc knights
  6 mana vipers
  A fire giant zombie (Crypt:3)
  A shadow dragon skeleton (Vaults:4)
  A stone giant zombie (Depths:1)
  A wolf spider (Vaults:5)
  24 phantasmal warriors
  5 will-o-the-wisps
  A wolf spider (shapeshifter) (Elf:1)
  7 cyclopes
  A moth of wrath (shapeshifter) (D:14)
  5 shining eyes
  42 salamanders
  A manticore (D:15)
  A tengu skeleton (Vaults:3)
  44 ugly things
  A goliath frog skeleton (Crypt:2)
  2 fire giant skeletons
  3 naga zombies
  3 centaur zombies (Crypt:3)
  16 moths of wrath
  A stone giant skeleton (Vaults:3)
  4 elephants (Lair:5)
  A guardian serpent (shapeshifter) (Vaults:5)
  3 human skeletons
  A molten gargoyle (Desolation)
  A water nymph (shapeshifter) (D:15)
  2 ice statues (IceCv)
  A dire elephant zombie (Crypt:1)
  16 vault sentinels
  14 guardian serpents
  10 cane toads
  2 eyes of devastation
  A torpor snail (shapeshifter) (Vaults:5)
  An apocalypse crab (Elf:1)
  42 black mambas
  2 gargoyles
  14 naga magi
  A frost giant skeleton (Vaults:3)
  A storm dragon simulacrum (Zot:1)
  5 rime drakes
  2 orange demons
  3 smoke demons (Depths:1)
  A dire elephant skeleton (Crypt:1)
  4 hellions
  7 komodo dragons
  34 yaktaurs
  A catoblepas zombie (Crypt:1)
  An unseen horror (shapeshifter) (Elf:3)
  A kobold demonologist (Crypt:2)
  5 freezing wraiths
  An anaconda simulacrum (IceCv)
  2 harpy zombies
  3 ice devils (IceCv)
  A merfolk (D:11)
  A silent spectre (Crypt:2)
  2 guardian mummies
  A tengu conjurer (D:14)
  A death yak skeleton (Crypt:1)
  A large abomination (Elf:1)
  A red devil (Depths:2)
  9 trolls
  A yaktaur skeleton (Vaults:3)
  A troll (shapeshifter) (Vaults:5)
  A bloated husk (Swamp:4)
  A merfolk (shapeshifter) (Vaults:5)
  4 polar bears
  A death drake skeleton (Crypt:1)
  70 saltlings
  Prince Ribbit (D:7)
  11 tyrant leeches
  An ettin zombie (Crypt:1)
  16 hornets
  3 flying skulls (Crypt:1)
  60 slime creatures
  2 human simulacra
  A vampire (D:9)
  16 spriggans
  8 shadows
  5 air elementals
  An ettin skeleton (Vaults:3)
  16 wraiths
  4 dire elephant simulacra (IceCv)
  2 ice dragon skeletons (Crypt:2)
  An elf skeleton (Vaults:3)
  4 water elementals
  A wyvern (Lair:5)
  2 ynoxinuls (Depths:2)
  2 basilisks
  A black mamba skeleton (Crypt:1)
  4 hogs (Swamp:1)
  A chaos spawn (Depths:2)
  A golden eye (shapeshifter) (Elf:1)
  A human (shapeshifter) (D:10)
  44 yaks
  5 fire elementals
  19 humans
  9 vampire mosquitoes
  7 steam dragons
  Grum (D:9)
  4 harpy simulacra (IceCv)
  A red draconian simulacrum (Zot:1)
  A warg (Depths:2)
  Menkaure (D:7)
  43 nagas
  An acid dragon (D:11)
  3 glowing shapeshifter skeletons
  A glowing shapeshifter zombie (Depths:1)
  21 swamp worms
  A floating eye (shapeshifter) (Depths:4)
  A hydra simulacrum (IceCv)
  2 moth of wrath simulacra (Zot:1)
  12 water moccasins
  A floating eye (Depths:4)
  A two-headed ogre skeleton (Crypt:1)
  An ice beast (D:5)
  32 orc warriors
  4 black bears
  18 wolves
  11 swamp drakes
  18 centaurs
  4 human zombies
  11 ogres
  A lindwurm skeleton (Crypt:3)
  5 boggarts (Vaults:2)
  2 dream sheep skeletons (Crypt:3)
  A phantom (D:6)
  A kobold brigand (D:9)
  A gnoll sergeant (D:12)
  11 bullfrogs
  4 scorpions
  3 earth elementals
  A cane toad simulacrum (IceCv)
  6 wights
  14 killer bees
  A yak zombie (Crypt:2)
  2 elephant simulacra (IceCv)
  A shapeshifter skeleton (Crypt:2)
  4 electric eels
  5 howler monkeys
  3 hounds
  3 lava snakes
  16 orc priests
  2 gnoll boudas
  3 jellies
  3 iron imps (Gauntlet)
  21 orc wizards
  3 iguanas
  7 hell rats (Lair:2)
  A troll simulacrum (IceCv)
  A killer bee zombie (Crypt:2)
  18 mummies
  26 gnolls
  10 adders
  7 river rats
  2 white imps (IceCv)
  A worm zombie (Crypt:3)
  An iguana zombie (Crypt:1)
  An adder skeleton (Crypt:3)
  10 worms
  2 dart slugs
  83 orcs
  19 ball pythons
  10 bats
  8 endoplasms
  5 giant cockroaches
  13 goblins
  16 hobgoblins
  5 jackals
  12 kobolds
  6 quokkas
  7 frilled lizards
  A frilled lizard zombie (Crypt:1)
  13 rats
  6 plants
  A starspawn tentacle (Elf:1)
2566 creatures vanquished.

Vanquished Creatures (collateral kills)
  A river rat (D:3)
1 creature vanquished.

Vanquished Creatures (others)
  A draconian monk (Zot:4)
  A draconian knight (Zot:5)
  A deep elf annihilator (Elf:2)
  A deep elf archer (Elf:1)
  A deep elf zephyrmancer (Elf:1)
  A human (D:13)
  A moth of wrath simulacrum (Zot:1)
  2 swamp drakes (Swamp:4)
  An orc warrior (Orc:2)
  An orc priest (Elf:1)
  An orc wizard (D:9)
  14 demonic plants (Gauntlet)
  22 foxfires
  9 fungi
  91 plants
  153 spectral weapons
  2 starspawn tentacles (Elf:1)
  6 withered plants (D:15)
309 creatures vanquished.

Grand Total: 2876 creatures vanquished

Notes
Turn   | Place    | Note
-------+----------+-------------------------------------------
     0 | D:1      | Monerk the Minotaur Fighter began the quest for the Orb.
     0 | D:1      | Reached XP level 1. HP: 19/19 MP: 0/0
   210 | D:1      | Reached XP level 2. HP: 14/27 MP: 1/1
   218 | D:2      | Reached skill level 1 in Dodging
   221 | D:2      | Reached XP level 3. HP: 20/33 MP: 2/2
   817 | D:2      | Found Jiacw's Jewellery Emporium.
   821 | D:2      | Reached XP level 4. HP: 40/40 MP: 3/3
  1623 | D:3      | Reached XP level 5. HP: 41/47 MP: 4/4
  1648 | D:3      | Found a glowing drain.
  1657 | Sewer    | Entered a sewer
  2212 | Sewer    | Reached XP level 6. HP: 43/55 MP: 5/5
  2535 | D:3      | Reached skill level 5 in Armour
  2984 | D:4      | Reached skill level 5 in Fighting
  2984 | D:4      | Reached skill level 5 in Shields
  3223 | D:4      | Reached skill level 15 in Axes
  3223 | D:4      | Reached XP level 7. HP: 61/61 MP: 6/6
  3601 | D:5      | Entered Level 5 of the Dungeon
  3673 | D:5      | Found a glowing golden altar of the Shining One.
  3674 | D:5      | Found an opulent altar of Gozag.
  3710 | D:5      | Reached XP level 8. HP: 68/68 MP: 7/7
  4660 | D:6      | Reached XP level 9. HP: 72/75 MP: 8/8
  5614 | D:7      | Gained mutation: You are agile. (Dex +4, Str/Int -1)
                  | [potion of mutation]
  5614 | D:7      | Gained mutation: You are robust. (+10% HP) [potion of
                  | mutation]
  5614 | D:7      | Gained mutation: You are very robust. (+20% HP) [potion of
                  | mutation]
  5696 | D:7      | Found a staircase to the Ecumenical Temple.
  5710 | Temple   | Entered the Ecumenical Temple
  5710 | Temple   | Found a transporter.
  5710 | Temple   | Found a transporter.
  5712 | Temple   | Found a transporter.
  5712 | Temple   | Found a transporter.
  5728 | Temple   | Became a worshipper of Warmaster Okawaru
  5846 | D:7      | Noticed Menkaure
  5851 | D:7      | Killed Menkaure
  6153 | D:7      | Noticed Prince Ribbit
  6159 | D:7      | Killed Prince Ribbit
  6163 | D:7      | Reached * piety under Okawaru
  6366 | D:8      | Noticed Gastronok
  6382 | D:8      | Killed Gastronok
  6382 | D:8      | Reached ** piety under Okawaru
  6383 | D:8      | Reached skill level 5 in Dodging
  6383 | D:8      | Reached XP level 10. HP: 87/103 MP: 9/9
  6837 | D:9      | Noticed Grum
  6859 | D:9      | Killed Grum
  6869 | D:9      | Identified the +0 plate armour "Niezucs" {Harm}
  6939 | D:9      | Reached *** piety under Okawaru
  7033 | D:9      | Found a sacrificial altar of Ru.
  7152 | D:9      | Noticed Pikel
  7159 | D:9      | Killed Pikel
  7169 | D:9      | Reached **** piety under Okawaru
  7186 | D:9      | Found a staircase to the Orcish Mines.
  7398 | D:9      | Found a staircase to the Lair.
  7427 | D:10     | Entered Level 10 of the Dungeon
  7450 | D:10     | Reached XP level 11. HP: 103/112 MP: 10/10
  7520 | D:10     | Noticed a two-headed ogre
  7530 | D:10     | Killed a two-headed ogre
  7530 | D:10     | Reached ***** piety under Okawaru
  7699 | D:10     | Paralysed by a hornet for 1 turns
  7703 | D:10     | Paralysed by a hornet for 2 turns
  8010 | D:10     | Found a runed translucent gate.
  8010 | D:10     | Found a runed translucent gate.
  8011 | D:10     | Found a runed translucent gate.
  8011 | D:10     | Noticed a glowing orange brain
  8013 | D:10     | Noticed a red ugly thing
  8013 | D:10     | Noticed a cyan ugly thing
  8013 | D:10     | Noticed a white ugly thing
  8013 | D:10     | Noticed a white ugly thing
  8014 | D:10     | Noticed a red ugly thing
  8342 | D:11     | Received a gift from Okawaru
  8441 | D:11     | Noticed a harpy
  8445 | D:11     | Killed a harpy
  8567 | D:11     | Found a frozen archway.
  8579 | IceCv    | Entered an ice cave
  8963 | IceCv    | Noticed a bog body
  8963 | IceCv    | Noticed a necromancer
  8965 | IceCv    | Killed a bog body
  8969 | IceCv    | Killed a necromancer
  8970 | IceCv    | Reached XP level 12. HP: 118/126 MP: 11/11
  9018 | IceCv    | Reached ****** piety under Okawaru
  9021 | IceCv    | Received a gift from Okawaru
  9636 | D:12     | Noticed a two-headed ogre
  9643 | D:12     | Killed a two-headed ogre
  9644 | D:12     | Reached skill level 10 in Fighting
  9644 | D:12     | Reached skill level 10 in Armour
  9671 | D:12     | Reached skill level 10 in Shields
  9731 | D:12     | Noticed a boulder beetle
  9750 | D:12     | Killed a boulder beetle
  9817 | D:12     | Noticed Fannar
  9826 | D:12     | Killed Fannar
 10160 | D:13     | Noticed a tengu warrior
 10170 | D:13     | Killed a tengu warrior
 10245 | D:13     | Noticed a two-headed ogre
 10245 | D:13     | Noticed a centaur warrior
 10245 | D:13     | Noticed Urug
 10283 | D:13     | Killed a two-headed ogre
 10411 | D:13     | Noticed a centaur warrior
 10421 | D:13     | Reached XP level 13. HP: 85/139 MP: 12/12
 10435 | D:13     | Identified the +1 broad axe of Okawaru's Generosity {chaos,
                  | *Rage rPois Int+8 Dex-3} (Okawaru gifted it to you on level
                  | 13 of the Dungeon)
 10435 | D:13     | Received a gift from Okawaru
 10577 | D:13     | Found a gate leading to a gauntlet.
 10590 | Gauntlet | Entered a Gauntlet
 10590 | Gauntlet | Found a transporter.
 10600 | Gauntlet | Found a transporter.
 10615 | Gauntlet | Found a transporter.
 10620 | Gauntlet | Found a transporter.
 10635 | Gauntlet | Found a transporter.
 10654 | Gauntlet | Found a transporter.
 10663 | Gauntlet | Found a transporter.
 10678 | Gauntlet | Found a transporter.
 10684 | Gauntlet | Found a transporter.
 10699 | Gauntlet | Found a transporter.
 10705 | Gauntlet | Found a transporter.
 10720 | Gauntlet | Found a transporter.
 10737 | Gauntlet | Found a transporter.
 10757 | Gauntlet | Found a transporter.
 10782 | Gauntlet | Found a transporter.
 10784 | Gauntlet | Found a transporter.
 10804 | Gauntlet | Found a transporter.
 10882 | Gauntlet | Found a transporter.
 10982 | Gauntlet | Identified the staff of earth "Yklyoz" {rElec rC+}
 11105 | Gauntlet | Identified the ring of Xoera {rPois Will+++ Str-2 Int-2
                  | SInv}
 11133 | Gauntlet | Identified the +2 lajatang of Iconoclasm {heavy, rF+ rC++
                  | rN+ Dex-2}
 11133 | Gauntlet | Noticed a minotaur
 11138 | Gauntlet | Killed a minotaur
 11146 | Gauntlet | Identified the +9 dagger of Nauleh {elec, rPois rC+}
 11161 | D:13     | Identified a scroll of acquirement
 11161 | D:13     | Acquired the +2 pair of boots of the Harvest {Rampage Drain
                  | Str+5 Dex+2}
 11186 | D:13     | Noticed Rupert
 11195 | D:13     | Killed Rupert
 11259 | D:13     | Reached skill level 10 in Dodging
 11273 | D:13     | Found a gate to the Vaults.
 11336 | D:13     | Killed Urug
 11434 | D:13     | Received a gift from Okawaru
 11435 | D:13     | Found the +2 pair of slick slippers {slick, slippery, EV+4}
 11689 | D:14     | You fall into a shaft and drop 1 floor!
 11689 | D:15     | Entered Level 15 of the Dungeon
 12058 | D:14     | Identified the +2 flail of the Soft God {freeze, Will+
                  | SInv}
 12676 | Lair:1   | Entered Level 1 of the Lair of Beasts
 13140 | Lair:1   | Identified the +1 crystal plate armour "Fatexem" {Dex+4}
                  | (Okawaru gifted it to you on level 1 of the Lair of Beasts)
 13140 | Lair:1   | Received a gift from Okawaru
 13141 | Lair:1   | Reached XP level 14. HP: 151/151 MP: 13/13
 13612 | Lair:2   | Acquired a manual of Armour
 13762 | Lair:2   | Found a staircase to the Snake Pit.
 14075 | Lair:2   | Found a staircase to the Swamp.
 14320 | Lair:2   | Noticed Amaemon
 14334 | Lair:2   | Killed Amaemon
 15056 | Lair:4   | You fall into a shaft and drop 1 floor!
 15056 | Lair:5   | Entered Level 5 of the Lair of Beasts
 15183 | Lair:4   | Noticed Snorg
 15195 | Lair:4   | Killed Snorg
 15442 | Lair:4   | Identified the ring of a Billion Feeding Gods {rElec MP+9
                  | Dex+4}
 15828 | Lair:4   | Identified the +6 chain mail "Zaimyreiba" {rN+ Str+3 Int+5}
                  | (Okawaru gifted it to you on level 4 of the Lair of Beasts)
 15828 | Lair:4   | Received a gift from Okawaru
 15885 | Lair:4   | Found a staircase to the Slime Pits.
 15885 | Lair:4   | Found a viscous altar of Jiyva.
 17346 | Orc:1    | Entered Level 1 of the Orcish Mines
 17506 | Orc:1    | Noticed an orc warlord
 17524 | Orc:1    | Killed an orc warlord
 17791 | Orc:1    | Found Rielah's Antique Armour Shoppe.
 17820 | Orc:1    | Bought a shimmering cloak for 256 gold pieces
 17820 | Orc:1    | Identified the +2 cloak of Ragocs {rPois Str+3 Int+3 SInv}
                  | (You bought it in a shop on level 1 of the Orcish Mines)
 17891 | Orc:2    | Entered Level 2 of the Orcish Mines
 18077 | Orc:2    | Found a staircase to the Elven Halls.
 18272 | Orc:2    | Received a gift from Okawaru
 18334 | Orc:2    | Reached XP level 15. HP: 163/163 MP: 14/14
 18645 | Orc:2    | Found Wintokh's General Store.
 18645 | Orc:2    | Found Beqir's Weapon Emporium.
 18647 | Orc:2    | Found Foir's Magic Scroll Shoppe.
 18649 | Orc:2    | Found Zuve's Armour Boutique.
 18712 | Orc:2    | Bought a scroll of acquirement for 728 gold pieces
 18713 | Orc:2    | Acquired a manual of Armour
 18720 | Orc:2    | Bought a scroll of enchant armour for 105 gold pieces
 18720 | Orc:2    | Bought a scroll of blinking for 105 gold pieces
 18720 | Orc:2    | Bought a scroll of blinking for 105 gold pieces
 18720 | Orc:2    | Bought a scroll of fear for 56 gold pieces
 18989 | D:15     | Reached skill level 15 in Armour
 19145 | D:15     | Found a staircase to the Depths.
 19959 | Snake:1  | Entered Level 1 of the Snake Pit
 20284 | Snake:1  | Received a gift from Okawaru
 20780 | Snake:2  | Received a gift from Okawaru
 20783 | Snake:2  | Reached XP level 16. HP: 98/176 MP: 15/15
 21006 | Snake:2  | Reached skill level 15 in Fighting
 21011 | Snake:2  | Reached skill level 15 in Shields
 21240 | Snake:2  | Identified the +1 pair of boots of the Past {rCorr Slay+2
                  | SInv} (Okawaru gifted it to you on level 2 of the Snake
                  | Pit)
 21240 | Snake:2  | Received a gift from Okawaru
 21410 | Snake:2  | Identified the +1 pair of gloves of the Circus Animal
                  | {rElec}
 21411 | Snake:2  | Identified the +8 crystal plate armour of the Depths {Int+3
                  | Dex+4}
 21629 | Snake:3  | Identified the +0 scale mail of Agoraphobia {rPois rC+
                  | Dex+2}
 22132 | Snake:3  | Noticed Vashnia
 22165 | Snake:3  | Killed Vashnia
 22402 | Snake:4  | Entered Level 4 of the Snake Pit
 22408 | Snake:4  | Identified the +1 cloak "Aheemn" {Rampage Int+2} (Okawaru
                  | gifted it to you on level 4 of the Snake Pit)
 22408 | Snake:4  | Received a gift from Okawaru
 22479 | Snake:4  | Noticed Mara
 22482 | Snake:4  | Noticed Monerk's illusion
 22494 | Snake:4  | Killed Mara
 22595 | Snake:4  | Reached XP level 17. HP: 177/189 MP: 16/16
 23006 | Snake:4  | Got a serpentine rune of Zot
 23478 | Swamp:1  | Entered Level 1 of the Swamp
 23512 | Swamp:1  | Noticed Kirke
 23520 | Swamp:1  | Killed Kirke
 23521 | Swamp:1  | Reached skill level 15 in Dodging
 23629 | Swamp:1  | Noticed Donald
 23640 | Swamp:1  | Identified the +3 ring mail "Jetarph" {Rampage rF+ Will-
                  | rCorr SInv} (Okawaru gifted it to you on level 1 of the
                  | Swamp)
 23640 | Swamp:1  | Received a gift from Okawaru
 23640 | Swamp:1  | Killed Donald
 24264 | Swamp:2  | Found a transporter.
 24265 | Swamp:2  | Noticed Masme's ghost (adept MiBe)
 24267 | Swamp:2  | Found a transporter.
 24430 | Swamp:2  | Noticed Mlioglotl
 24440 | Swamp:2  | Killed Mlioglotl
 25151 | Swamp:3  | Found a transporter.
 25154 | Swamp:3  | Found a transporter.
 25154 | Swamp:3  | Noticed Kiciri's ghost (adept DsGl)
 25705 | Swamp:4  | Entered Level 4 of the Swamp
 25762 | Swamp:4  | Reached XP level 18. HP: 190/202 MP: 17/17
 25798 | Swamp:4  | Found a runed translucent door.
 25801 | Swamp:4  | Identified the +0 chain mail "Poanod" {Int+3} (Okawaru
                  | gifted it to you on level 4 of the Swamp)
 25801 | Swamp:4  | Received a gift from Okawaru
 25809 | Swamp:4  | Found a shimmering altar of Xom.
 25809 | Swamp:4  | Noticed Rabou's ghost (adept MiBe)
 25957 | Swamp:4  | Identified the ring of Faechepri {+Blink Will+ Int+5}
 25959 | Swamp:4  | Identified the +3 rapier of Brutal Revenge {antimagic,
                  | Will+}
 26252 | Swamp:4  | Got a decaying rune of Zot
 26282 | Swamp:4  | Killed Rabou's ghost
 26854 | Vaults:1 | Entered Level 1 of the Vaults
 26880 | Vaults:1 | Received a gift from Okawaru
 27019 | Vaults:1 | Found a crumbling gateway.
 27033 | Desolati | Entered the Desolation of Salt
 27149 | Desolati | Identified the +0 scale mail "Ufeubik" {Drain rF+ Dex+3}
 27190 | Desolati | Identified the ring of the Priest {Fire rCorr}
 27236 | Desolati | Got the Excursus on Debased Arts and the Squall
 27283 | Desolati | Identified the +5 kite shield of Shielding {Str+4 Int-5
                  | SInv} (Okawaru gifted it to you in the Desolation of Salt)
 27283 | Desolati | Received a gift from Okawaru
 27299 | Desolati | Got the Vademecum on the White Snake
 27456 | Desolati | Identified the ring "Paewiho" {rPois Int+5}
 27571 | Desolati | Identified the +9 spear of Eternity {pain, rC+}
 27576 | Desolati | Got the Codex of Calefaction
 27633 | Desolati | Reached XP level 19. HP: 207/214 MP: 18/18
 28390 | Vaults:1 | Found Xik Ocoo's Jewellery Boutique.
 28602 | Vaults:1 | Identified the ring of the Squeaky God {Drain +Blink rF-
                  | rC+ rN++}
 29844 | Vaults:2 | Identified the +6 hand axe of Valour {venom, Str+7 Dex-4}
                  | (Okawaru gifted it to you on level 2 of the Vaults)
 29844 | Vaults:2 | Received a gift from Okawaru
 30182 | Vaults:2 | Identified the -1 pair of gloves of Tomorrow {Dex+5 Stlth+}
                  | (Okawaru gifted it to you on level 2 of the Vaults)
 30182 | Vaults:2 | Received a gift from Okawaru
 31760 | Vaults:3 | Reached XP level 20. HP: 208/229 MP: 19/19
 32417 | Vaults:3 | Received a gift from Okawaru
 32419 | Vaults:3 | Found a staircase to the Crypt.
 33652 | Vaults:4 | Noticed Aizul
 33661 | Vaults:4 | Received a gift from Okawaru
 33686 | Vaults:4 | Killed Aizul
 35283 | Vaults:5 | Entered Level 5 of the Vaults
 35287 | Vaults:5 | Noticed a golden dragon
 35293 | Vaults:5 | Reached XP level 21. HP: 178/241 MP: 18/20
 35318 | Vaults:4 | Killed a golden dragon
 35420 | Vaults:5 | Received a gift from Okawaru
 35729 | Vaults:5 | Received a gift from Okawaru
 35834 | Vaults:5 | Noticed a golden dragon
 35839 | Vaults:5 | Noticed a dread lich
 35861 | Vaults:5 | Killed a golden dragon
 35873 | Vaults:5 | Killed a dread lich
 35993 | Vaults:5 | Found the amulet of the Four Winds {rN+ Will+++ Clar}
 36680 | Vaults:5 | Identified the +1 arbalest "Peit" {flame, Str+3 Int+5}
 36834 | Vaults:5 | Got the Notes on Vehement Curses
 36836 | Vaults:5 | Identified the +1 trident of Qyirph {drain, Dex+5}
 36984 | Vaults:5 | Noticed an ancient lich
 36993 | Vaults:5 | Killed an ancient lich
 37030 | Vaults:5 | Identified the ring of Gurexkio {rC- rCorr Str+6 Dex+2}
 37067 | Vaults:5 | Got the Vellum of Leaden Algor
 37072 | Vaults:5 | Got a silver rune of Zot
 37150 | Vaults:5 | Found the +18 shield of the Gong {Loud rN+ Will+ rCorr
                  | EV-5}
 37159 | Vaults:5 | Identified the staff of air "Hagoipna" {rElec Dex+3}
 37200 | Vaults:5 | Identified the +1 whip "Jerekh" {heavy, MP+9 Str+2 Dex+3}
 37203 | Vaults:5 | Identified the staff of air "Deefotwu" {+Blink rElec rPois
                  | Dex+5}
 37233 | Vaults:5 | Identified the +2 halberd of the Supporting Madman {pain,
                  | *Noise rC++ Str+5}
 37455 | Vaults:5 | Got the Almanac of the Familiar and Ozone
 37530 | Vaults:5 | Reached XP level 22. HP: 237/255 MP: 21/21
 37589 | Vaults:5 | Noticed a dread lich
 37597 | Vaults:5 | Killed a dread lich
 37597 | Vaults:5 | Identified the +1 ring mail "Opitz" {Stlth+} (Okawaru
                  | gifted it to you on level 5 of the Vaults)
 37597 | Vaults:5 | Received a gift from Okawaru
 38500 | Elf:1    | Entered Level 1 of the Elven Halls
 38890 | Elf:1    | Found a runed translucent gate.
 38890 | Elf:1    | Found a runed translucent gate.
 38890 | Elf:1    | Found a runed translucent gate.
 38890 | Elf:1    | Found a runed translucent gate.
 38890 | Elf:1    | Found a runed translucent gate.
 38891 | Elf:1    | Found a runed translucent gate.
 39152 | Elf:1    | Found a transporter.
 39160 | Elf:1    | Noticed Plog's ghost (adept MfGl)
 39161 | Elf:1    | Found a one-way gate to the infinite horrors of the Abyss.
 39216 | Elf:1    | Found a transporter.
 39257 | Elf:1    | Killed Plog's ghost
 39419 | Elf:1    | Acquired the +8 tower shield of the Last Villages {rC+++
                  | Regen+ MP+9 Int-3}
 39422 | Elf:1    | Acquired 492 gold pieces
 39426 | Elf:1    | Acquired a manual of Spellcasting
 39655 | Elf:2    | Paralysed by an air elemental for 1 turns
 39668 | Elf:2    | Received a gift from Okawaru
 39764 | Elf:2    | Found a runed translucent gate.
 39765 | Elf:2    | Found a runed translucent gate.
 39765 | Elf:2    | Found a runed translucent gate.
 39982 | Elf:2    | Found a huge runed translucent gate.
 39987 | Elf:2    | Found a huge runed translucent gate.
 39987 | Elf:2    | Found a huge runed translucent gate.
 39987 | Elf:2    | Found a huge runed translucent gate.
 39988 | Elf:2    | Found a huge runed translucent gate.
 39988 | Elf:2    | Found a huge runed translucent gate.
 39988 | Elf:2    | Found a huge runed translucent gate.
 39994 | Elf:2    | Found a huge runed translucent gate.
 39999 | Elf:2    | Identified the +4 double sword of Dissent {drain, Fragile
                  | MP+9 Str+2 Int+4}
 40013 | Elf:2    | Identified the +8 double sword of Hetiafak {antimagic,
                  | *Rage rF+ rC+ rCorr}
 40027 | Elf:2    | Noticed Agnes
 40030 | Elf:2    | Killed Agnes
 40206 | Elf:2    | Paralysed by an air elemental for 1 turns
 40332 | Elf:3    | Entered Level 3 of the Elven Halls
 40380 | Elf:3    | Found Basocivi's Jewellery Shop.
 40385 | Elf:3    | Received a gift from Okawaru
 40482 | Elf:3    | Paralysed by an air elemental for 1 turns
 41080 | Elf:3    | Identified the +0 chain mail "Meodewei" {Contam Will- Dex+5
                  | SInv} (Okawaru gifted it to you on level 3 of the Elven
                  | Halls)
 41080 | Elf:3    | Received a gift from Okawaru
 41087 | Elf:3    | Reached XP level 23. HP: 258/272 MP: 20/22
 41290 | Elf:3    | Identified the ring of Geseucri {Wiz rF+}
 41388 | Elf:3    | Identified the ring "Zenyna" {rN+ Will- Int+6 Slay+2 SInv}
 41393 | Elf:3    | Identified the ring of Lust {rPois rN+ Int+7 Dex-5 SInv}
 41401 | Elf:3    | Identified the staff of cold "Wol Ridgh" {rC+ rCorr}
 41460 | Elf:3    | Identified the staff of conjuration "Reokyent" {Dex+4 SInv
                  | Stlth+}
 41476 | Elf:3    | Identified the +4 ring mail of Bitterness {Str+2}
 41880 | Depths:1 | Entered Level 1 of the Depths
 41888 | Depths:1 | Noticed Louise
 41906 | Depths:1 | Killed Louise
 41992 | Depths:1 | You fall into a shaft and drop 1 floor!
 42084 | Depths:2 | Noticed a juggernaut
 42095 | Depths:2 | Killed a juggernaut
 42144 | Depths:2 | Found a gateway to Hell.
 42198 | Depths:1 | Found an opulent altar of Gozag.
 42437 | Depths:1 | Received a gift from Okawaru
 43036 | Depths:2 | Found a one-way gateway to a ziggurat.
 43907 | Depths:2 | Noticed Saint Roka
 43921 | Depths:2 | Killed Saint Roka
 44053 | Depths:2 | Found a one-way gate leading to the halls of Pandemonium.
 44233 | Depths:3 | Identified the +1 robe of the Dungeon {Rampage *Slow Int+7}
                  | (Okawaru gifted it to you on level 3 of the Depths)
 44233 | Depths:3 | Received a gift from Okawaru
 44365 | Depths:3 | Reached skill level 27 in Armour
 44568 | Depths:3 | Reached XP level 24. HP: 105/275 MP: 22/22
 44572 | Depths:3 | Identified the +1 quick blade "Jinnytit" {flame, +Blink rC+
                  | Will+}
 44577 | Depths:3 | Identified the +7 whip of Evolution {freeze, rN+ Dex+5
                  | Stlth+}
 45212 | Depths:4 | Entered Level 4 of the Depths
 45683 | Depths:4 | Found a gate to the Realm of Zot.
 46425 | Depths:4 | Identified the +2 cloak of Uhofiah {MP+9 SInv} (Okawaru
                  | gifted it to you on level 4 of the Depths)
 46425 | Depths:4 | Received a gift from Okawaru
 47212 | Crypt:1  | Entered Level 1 of the Crypt
 48037 | Crypt:1  | Acquired a manual of Shields
 48418 | Crypt:2  | Reached skill level 27 in Axes
 49339 | Crypt:2  | Found a runed door.
 49357 | Crypt:2  | Found the -2 hat of the Alchemist {rElec rPois rF+ rC+ rN+
                  | Will+ rMut rCorr}
 49357 | Crypt:2  | Noticed a dread lich
 49357 | Crypt:2  | Noticed a dread lich
 49364 | Crypt:2  | Killed a dread lich
 49367 | Crypt:2  | Killed a dread lich
 49372 | Crypt:2  | Reached skill level 27 in Fighting
 49382 | Crypt:2  | Found the +9 sword of Zonguldrok {reap}
 49666 | Crypt:2  | Identified the staff of poison "Zojod" {Fragile rElec rPois
                  | Int+3}
 49674 | Crypt:2  | Identified the ring of the Mutiny {Fly rElec rN+ Str+2
                  | Slay+3}
 49697 | Crypt:2  | Acquired a +2 pair of gloves of strength
 49722 | Crypt:2  | Identified the amulet "Yjehat" {Spirit Harm rC+++ SInv
                  | Stlth-}
 50267 | Crypt:3  | Entered Level 3 of the Crypt
 50267 | Crypt:3  | Noticed Zenata
 50274 | Crypt:3  | Killed Zenata
 50297 | Crypt:3  | Reached XP level 25. HP: 278/308 MP: 22/22
 50391 | Crypt:3  | Received a gift from Okawaru
 50590 | Crypt:3  | Noticed a dread lich
 50597 | Crypt:3  | Killed a dread lich
 50864 | Crypt:3  | Found a staircase to the Tomb.
 50938 | Crypt:3  | Received a gift from Okawaru
 51001 | Crypt:3  | Found an ancient bone altar of Kikubaaqudgha.
 51046 | Crypt:3  | Noticed Jory
 51059 | Crypt:3  | Killed Jory
 51282 | Crypt:3  | Reached skill level 27 in Shields
 51510 | Crypt:3  | Identified the ring "Zoudi" {rF- rN+ Will- Str+9}
 51510 | Crypt:3  | Identified the ring of Qumuf {rN+ Str+2}
 52230 | Zot:1    | Entered Level 1 of the Realm of Zot
 52569 | Slime:1  | Entered Level 1 of the Pits of Slime
 52575 | Slime:1  | Gained mutation: You are dopey. (Int -2) [a shining eye]
 53092 | Slime:5  | Entered Level 5 of the Pits of Slime
 53116 | Slime:5  | Identified the +4 hand axe of Tiuxol {heavy, *Corrode Str+4
                  | Dex+4} (Okawaru gifted it to you on level 5 of the Pits of
                  | Slime)
 53116 | Slime:5  | Received a gift from Okawaru
 53254 | Slime:5  | Found a viscous altar of Jiyva.
 53255 | Slime:5  | Found the +7 great mace "Undeadhunter" {deathbane, rN+}
 53344 | Slime:5  | Noticed the Royal Jelly
 53349 | Slime:5  | Killed the Royal Jelly
 53959 | Slime:5  | Got a slimy rune of Zot
 53960 | Slime:5  | Identified the amulet of Lisythroj {Spirit rPois Will+
                  | Regen+}
 54050 | Slime:5  | Found the +10 zealot's sword {holy, Zealotry, *Rage rN+
                  | EV+3}
 54051 | Slime:5  | Identified the +5 spear of the Moon {venom, rElec rC+ rN+
                  | SInv}
 54085 | Slime:5  | Identified the +4 flail of the Old World {flame, Int+5}
 54826 | Zot:1    | Reached XP level 26. HP: 253/319 MP: 22/22
 54993 | Zot:1    | Identified the ring of Mirth {Ice rN++ Int-2}
 54993 | Zot:1    | Noticed Josephina
 55005 | Zot:1    | Killed Josephina
 55356 | Zot:1    | You are sucked into a shaft and drop 1 floor!
 55368 | Zot:2    | Received a gift from Okawaru
 56680 | Zot:3    | Reached skill level 1 in Invocations
 57036 | Zot:3    | Reached skill level 5 in Invocations
 57232 | Zot:3    | Received a gift from Okawaru
 58141 | Zot:4    | Reached skill level 27 in Dodging
 58142 | Zot:4    | Reached skill level 1 in Spellcasting
 58611 | Zot:4    | Reached skill level 5 in Spellcasting
 59041 | Zot:4    | Identified the +5 tower shield "Faifuseral" {Rampage Str+2}
                  | (Okawaru gifted it to you on level 4 of the Realm of Zot)
 59041 | Zot:4    | Received a gift from Okawaru
 59343 | Zot:5    | Entered Level 5 of the Realm of Zot
 60969 | Zot:5    | Noticed an orb of fire
 60977 | Zot:5    | Gained mutation: You occasionally lose the ability to drink
                  | potions when taking damage. [an orb of fire]
 60979 | Zot:5    | Gained mutation: You are occasionally teleported next to
                  | monsters. [an orb of fire]
 60980 | Zot:5    | Killed an orb of fire
 60994 | Zot:5    | Noticed a dread lich
 60996 | Zot:5    | Reached skill level 10 in Spellcasting
 60996 | Zot:5    | Reached XP level 27. HP: 293/327 MP: 35/36
 60996 | Zot:5    | Noticed an ancient lich
 60996 | Zot:5    | Noticed a dread lich
 60996 | Zot:5    | Noticed an ancient lich
 60996 | Zot:5    | Noticed an ancient lich
 60996 | Zot:5    | Noticed a dread lich
 61001 | Zot:5    | Killed a dread lich
 61003 | Zot:5    | Killed an ancient lich
 61004 | Zot:5    | Killed an ancient lich
 61005 | Zot:5    | Killed an ancient lich
 61006 | Zot:5    | Identified the +0 scale mail of the Oily God {rC+ MP+9
                  | Str+3 Dex+3} (Okawaru gifted it to you on level 5 of the
                  | Realm of Zot)
 61006 | Zot:5    | Received a gift from Okawaru
 61011 | Zot:5    | Killed a dread lich
 61017 | Zot:5    | Killed a dread lich
 61442 | Zot:5    | Noticed an orb of fire
 61442 | Zot:5    | Noticed a dread lich
 61462 | Zot:5    | Lost intelligence.
 61464 | Zot:5    | HP: 14/327 [white draconian stormcaller/+2 heavy long sword
                  | (30)]
 61465 | Zot:5    | Gained mutation: Your spells are a little easier to cast,
                  | but a little less powerful. [an orb of fire]
 61465 | Zot:5    | HP: 6/327 [death drake[a white draconian stormcaller] (8)]
 61465 | Zot:5    | Demolished by a storm dragon

Illustrated notes

Levels and vault maps discovered:
D:1:      eino_arrival_cavern_a, layout_rooms
D:2:      layout_loops_ring, serial_shops, nicolae_shop_crystal
D:3:      layout_basic, lightli_sewer_entry_pipes, dk_noncrumbling_3
D:4:      layout_loops_ring
D:5:      layout_loops_ring, nicolae_overflow_squiral, minmay_strange_pillars
D:6:      corexii_shantytown, layout_basic, minmay_misc_feat_iff,
          kennysheep_path_1
D:7:      layout_loops_cross, temple_fountains, uniq_prince_ribbit1,
          uniq_menkaure
D:8:      layout_layer_cave, uniq_gastronok
D:9:      layout_basic, old_standard_altar, david_lair_shrubbed, orc_0_dummy,
          minivault_26, kennysheep_crisscross, uniq_pikel, uniq_grum
D:10:     layout_gridville, ploomutoo_gammafunk_ghost_potion_laboratory,
          grunt_ministairs_6
D:11:     layout_loops_ring, portal_ice_cave_rime, hangedman_stone_soup
D:12:     layout_cave_pools, uniq_fannar
D:13:     layout_long_grid, david_vaults_3, gauntlet_entry_generic, uniq_rupert
D:14:     layout_grid_maze, fountainhead, serial_glass, glass_columns_a,
          glass_columns_a, glass_columns_c, glass_columns_b, glass_columns_a
D:15:     gammafunk_depths_entry_grave, layout_loops_corners,
          minmay_fountain_box, minivault_11, hangedman_decor_opposing
Temple:   hellmonk_temple_divided_pantheon
Lair:1:   layout_roguey
Lair:2:   layout_cave_pods, palyth_hydra_swamp_entry,
          nicolae_snake_entry_warm_welcome, grunt_megastairs_3, uniq_amaemon
Lair:3:   layout_long_grid, chequers_serial_rivers_micro_e, lemuel_fruit_tree
Lair:4:   layout_layer_cave, slime_entry_1, grunt_megastairs_2, uniq_snorg
Lair:5:   grunt_lair_end_beastmaster, layout_cave_pods,
          dreamdust_mushroom_princess, minivault_19, grunt_megastairs_1,
          infiniplex_staircase_pool
Swamp:1:  layout_basic_swamp, evilmike_swamp_ruin_rubble_2, uniq_kirke,
          uniq_donald
Swamp:2:  layout_basic_swamp, gammafunk_ghost_mausoleum,
          nicolae_swamp_rocky_clearing, swamp_pool4,
          infiniplex_staircase_pool_2, uniq_mlioglotl
Swamp:3:  layout_falls_marsh, gammafunk_ghost_arena, hangedman_swamp_ruin_wall,
          swamp_pool5
Swamp:4:  swamp_fiery, layout_basic_swamp, ebering_ghost_xom, swamp_pool1
Snake:1:  layout_grid_maze
Snake:2:  layout_rooms, nicolae_snake_storage_room
Snake:3:  layout_rooms, grunt_ministairs_7, uniq_vashnia
Snake:4:  grunt_snake_rune_pools, layout_cave_shapes, uniq_mara
Slime:1:  layout_caves
Slime:2:  layout_caves
Slime:3:  layout_caves
Slime:4:  layout_caves, nicolae_slime_crime_time
Slime:5
Orc:1:    layout_diamond_mine, serial_shops, nicolae_shop_dealshenge,
          nicolae_orc_pool_cavern
Orc:2:    st_orc_rangers, layout_diamond_mine, basic_altar,
          nicolae_orc_flooded_monolith, nicolae_orc_tapped_out
Elf:1:    minmay_elf_arrival_circle, layout_geoelf_octagon,
          gammafunk_ghost_abyssal_escape, orc_legates
Elf:2:    nicolae_elf_blades_crystal_corner, layout_geoelf_grid,
          nicolae_elf_double_double_double_trouble, uniq_agnes
Elf:3:    elf_hall, layout_geoelf_castle, serial_shops, nicolae_shop_stone
Vaults:1: portal_desolation_entry_nicolae_nacl, nicolae_vaults_yaktaur_gun_rack,
          ontoclasm_vaults_bender, ontoclasm_vaults_fault, st_more_cells,
          vaults_room_corners, nicolae_vaults_little_ls,
          hangedman_vaults_restitches, vaults_dpeg_ring,
          hangedman_vaults_capsules, ontoclasm_vaults_ligature,
          ontoclasm_vaults_loading_screen, nicolae_vaults_border_crossing,
          layout_vaults_quadrants, serial_shops, nicolae_shop_trees
Vaults:2: v_misc_2, nicolae_vaults_specimen_jars, nicolae_vaults_what_the_h,
          v_rooms_6, ontoclasm_vaults_spin, st_diamondy,
          ontoclasm_vaults_ring_small, hangedman_vaults_nodes,
          hangedman_vaults_trim, vaults_room_stairs_pillars, vaults_room_pools,
          layout_vaults_omnicross
Vaults:3: v_misc_33, nicolae_vaults_hallways_thing,
          hangedman_vaults_corner_blocks, minmay_crypt_entry_skeletal_spiral,
          v_misc_5, ontoclasm_vaults_decontamination, v_misc_27,
          nicolae_vaults_three_branches, layout_vaults_big_room
Vaults:4: hangedman_vaults_unwind, v_misc_8, v_misc_14, hangedman_vaults_pinch,
          v_pattern_5, vaults_dpeg_encased_lava, vaults_room_guarded_vault,
          v_misc_32, v_alt_pattern_2, layout_vaults_ring, uniq_aizul
Vaults:5
Crypt:1:  layout_gridlike, grunt_crypt_arrival_guarded_gate
Crypt:2:  evilmike_wizard_prison, layout_misc_corridors, chequers_big_river
Crypt:3:  church_of_pain_bobbens, layout_chaotic_city,
          nicolae_tomb_entry_unfolded_pyramid_orthogonal,
          chequers_hall_statues_wall_a, st_stairs_3,
          serial_sigils_hangedman_stare, uniq_zenata
Depths:1: layout_basic, hellmouth_3, nicolae_abyss_entry_one_way_or_another,
          grunt_gozag_statues, serial_bayou_shore_a
Depths:2: kennysheep_cluttered_fort, layout_small_grid, enter_ziggurat_b,
          grunt_pan_entry_in_and_out, hell_entry,
          minmay_staircase_windowed_small, uniq_saint_roka
Depths:3: minmay_strange_plus, layout_cave_pools, hell_entry,
          hangedman_abyss_entry_splay, dk_noncrumbling_4
Depths:4: grunt_zot_entry_hairpin, layout_gridlike, bh_walls_and_bars,
          hell_entry
Zot:1:    kennysheep_blocky_hall, layout_misc_corridors, uniq_josephina,
          uniq_grunn
Zot:2:    layout_basic, grunt_megastairs_4
Zot:3:    layout_gridlike, drop_trap
Zot:4:    kennysheep_spiral_hall, layout_gridlike, hangedman_hellfire_club
Zot:5:    layout_basic

Skill      XL: |  1  2  3  4  5  6  7  8  9 10 11 12 13 14 15 16 17 18 19 20 21 22 23 24 25 26 27 |
---------------+----------------------------------------------------------------------------------+-----
Armour         | 4 5 7 8 9 10 12 14 16 18 20 22 23 24 25 26 27 | 27.0
Dodging        | 1 2 3 4 5 6 8 9 10 12 13 14 15 16 17 18 19 20 21 22 26 27 | 27.0
Shields        | 4 5 7 8 9 10 12 13 14 16 17 18 19 20 21 22 23 25 27 | 27.0
Fighting       | 4 5 7 8 9 11 12 13 14 16 17 18 19 20 21 23 25 27 | 27.0
Axes           | 3 4 15 16 17 18 19 20 21 22 23 24 25 26 27 | 27.0
Invocations    | 8 |  8.0
Spellcasting   | 10 12 | 12.5

Action                     |  1- 3 |  4- 6 |  7- 9 | 10-12 | 13-15 | 16-18 | 19-21 | 22-24 | 25-27 || total
---------------------------+-------+-------+-------+-------+-------+-------+-------+-------+-------++-------
  Melee: War axe           |    82 |   194 |   214 |   205 |       |       |       |       |       ||   695
         Headbutt          |    12 |    20 |    32 |    93 |   183 |   260 |   327 |   437 |   331 ||  1695
         Broad axe         |       |       |       |   226 |   733 |   923 |   914 |  1238 |   883 ||  4917
         Unarmed           |       |       |       |       |       |       |       |       |     9 ||     9
 Invoke: Heroism           |       |       |       |       |     2 |     4 |     1 |     3 |     1 ||    11
    Use: Scroll            |     5 |    12 |     8 |    13 |    11 |     1 |     1 |    15 |     2 ||    68
         Potion            |     1 |     1 |     1 |       |     3 |     3 |     3 |     5 |     3 ||    20
   Stab: Paralysed         |       |       |     1 |       |       |       |       |       |       ||     1
         Distracted        |       |       |       |     6 |    18 |    24 |    35 |    32 |    33 ||   148
         Confused          |       |       |       |     2 |       |       |       |       |       ||     2
         Invisible         |       |       |       |       |     1 |       |       |       |       ||     1
 Armour: Scale mail        |    51 |    82 |       |       |       |       |       |       |       ||   133
         Chain mail        |       |    17 |    73 |   207 |   319 |   333 |   188 |   207 |   128 ||  1472
  Dodge: Dodged            |    53 |   106 |    61 |   167 |   507 |   633 |   419 |   468 |   385 ||  2799
  Block: Buckler           |    19 |    49 |    35 |   101 |   295 |   135 |       |       |       ||   634
         Kite shield       |       |       |       |       |       |   332 |   491 |   783 |   525 ||  2131
         Reflection        |       |       |       |       |       |    13 |    71 |    86 |     9 ||   179

Table legend: (Time is in decaauts)
 A = Elapsed time spent in this place.
 B = Non-inter-level travel time spent in this place.
 C = Inter-level travel time spent in this place.
 D = Time resting spent in this place.
 E = Time spent auto-exploring this place.
 F = Levels seen in this place.
 G = Mean time per level.
                   A        B        C        D        E       F      G
               +--------+--------+--------+--------+--------+-----+--------+
         Total |  60847 |  50769 |  10078 |   2029 |  34627 |  60 | 1014.1 |
       Dungeon |  15952 |  11135 |   4817 |     28 |   8403 |  15 | 1063.5 |
        Temple |    984 |    880 |    104 |      0 |      0 |   1 |  984.0 |
          Lair |   5416 |   4290 |   1126 |      0 |   3617 |   5 | 1083.2 |
         Swamp |   2712 |   2531 |    181 |     24 |   1619 |   4 |  678.0 |
     Snake Pit |   3336 |   3173 |    163 |    335 |   2022 |   4 |  834.0 |
    Slime Pits |   1227 |   1036 |    191 |    171 |    271 |   5 |  245.4 |
  Orcish Mines |   1555 |   1381 |    174 |     50 |    892 |   2 |  777.5 |
   Elven Halls |   3075 |   2930 |    145 |    140 |   1824 |   3 | 1025.0 |
        Vaults |   8483 |   6887 |   1596 |    297 |   4730 |   5 | 1696.6 |
         Crypt |   4280 |   4121 |    159 |    657 |   2463 |   3 | 1426.7 |
        Depths |   4708 |   3796 |    912 |    111 |   2659 |   4 | 1177.0 |
           Zot |   6112 |   5607 |    505 |    107 |   4432 |   5 | 1222.4 |
         Sewer |    974 |    974 |      0 |      0 |    703 |   1 |  974.0 |
      Ice Cave |    495 |    495 |      0 |    107 |    194 |   1 |  495.0 |
    Desolation |    981 |    981 |      0 |      0 |    513 |   1 |  981.0 |
      Gauntlet |    552 |    552 |      0 |      0 |    281 |   1 |  552.0 |
               +--------+--------+--------+--------+--------+-----+--------+

Top non-repeatable levels by time:
Vaults:5: 1809 daAuts
Vaults:4: 1747 daAuts
Vaults:2: 1704 daAuts
    D:11: 1654 daAuts
Vaults:1: 1654 daAuts
Vaults:3: 1567 daAuts
Depths:4: 1567 daAuts
 Crypt:2: 1556 daAuts
  Lair:2: 1511 daAuts
 Crypt:1: 1495 daAuts
   Zot:4: 1401 daAuts
   Zot:3: 1352 daAuts
     D:7: 1351 daAuts
     D:9: 1322 daAuts
   Elf:3: 1267 daAuts
